 Dungeon Crawl Stone Soup version 0.28.0-53-g5a82cb258f (webtiles) character file.

Game seed: 16357212135126670205

4111 Caestello the Cleaver (level 10, -10/88 HPs)
             Began as a Hill Orc Monk on July 12, 2022.
             Mangled by a cyan ugly thing (16 damage)
             ... on level 5 of the Dungeon.
             The game lasted 00:28:11 (12415 turns).

Caestello the Cleaver (Hill Orc Monk)              Turns: 12415, Time: 00:28:13

Health: -10/88     AC: 17    Str: 19    XL:     10   Next: 26%
Magic:  10/10      EV:  7    Int: 10    God:
Gold:   276        SH:  9    Dex: 13    Spells: 9/9 levels left

rFire   . . .      SeeInvis .   F - +3 war axe (venom)
rCold   . . .      Faith    .   v - +0 kite shield
rNeg    . . .      Spirit   .   E - +3 chain mail
rPois   .          Reflect  .   f - +0 helmet
rElec   .          Harm     .   s - +0 cloak
rCorr   .          Rampage  .   d - +0 pair of gloves
Will    .....                   (no boots)
Stlth   ..........              m - amulet of magic regeneration
HPRegen 0.24/turn               (no ring)
MPRegen 0.52/turn               (no ring)

@: no status effects
A: no striking features
a: no special abilities


You were on level 5 of the Dungeon.
You visited 2 branches of the dungeon, and saw 10 of its levels.
You also visited: Sewer.

You collected 533 gold pieces.
You spent 257 gold pieces at shops.

Inventory:

Hand Weapons
 a - a +0 hand axe
 n - a +1 arbalest of freezing
 p - a +0 war axe of draining
 y - a +0 triple sword
 F - a +3 war axe of venom (weapon)
Missiles
 h - 332 stones (quivered)
Armour
 b - a +0 robe
 d - a +0 pair of gloves (worn)
 e - a +0 ring mail
 f - a +0 helmet (worn)
 s - a +0 cloak (worn)
 v - a +0 kite shield (worn)
 E - a +3 chain mail (worn)
Jewellery
 m - an amulet of magic regeneration (around neck)
Scrolls
 i - 2 scrolls of blinking
 j - a scroll of holy word {unknown}
 k - 5 scrolls of enchant weapon
 l - 2 scrolls of teleportation {unknown}
 q - a scroll of vulnerability
 w - a scroll of magic mapping {unknown}
 A - 3 scrolls of identify
 D - a scroll of fog {unknown}
Potions
 c - 3 potions of flight
 g - a potion of haste {unknown}
 o - 3 potions of curing
 r - 2 potions of lignification {unknown}
 t - 2 potions of resistance {unknown}
 u - 2 potions of magic {unknown}
 x - a potion of invisibility {unknown}
 z - a potion of brilliance
 B - a potion of cancellation {unknown}
 C - 2 potions of berserk rage {unknown}


   Skills:
 + Level 8.2 Fighting
 + Level 12.2 Axes
 + Level 7.3 Armour
 + Level 4.4 Dodging
 + Level 3.1 Stealth
 + Level 4.7 Shields


You had 9 spell levels left.
You didn't know any spells.
Your spell library contained the following spells:

 Spells                   Type           Power      Damage    Failure   Level
 Magic Dart               Conj           0%         1d3       100%        1
 Searing Ray              Conj           0%         2d4       100%        2
 Fulminant Prism          Conj/Hex       0%         3d6       100%        4


Dungeon Overview and Level Annotations

Branches:
Dungeon (9/15)             Temple (1/1) D:5           Sewer (visited)
   Lair: D:8-11         Orc: D:9-12

Altars:
Ashenzari
Cheibriados
Fedhas
Gozag
Hepliaklqana
Kikubaaqudgha
Makhleb
Okawaru
Ru
Sif Muna
Trog
Uskayaw
Vehumet
Xom
Yredelemnul
Zin
The Shining One

Shops:
D:4 [[?:   D:7 [(


Message History

The cyan ugly thing gurgles horribly!
You hit the cyan ugly thing.
The cyan ugly thing is poisoned.
The cyan ugly thing is lightly wounded.
The cyan ugly thing barely misses you.
You slash the cyan ugly thing!
The cyan ugly thing looks even sicker.
The cyan ugly thing is lightly wounded.
You block the cyan ugly thing's attack.
You barely miss the cyan ugly thing.
The cyan ugly thing is lightly wounded.
You block the cyan ugly thing's attack.
You slash the cyan ugly thing!
The cyan ugly thing looks as sick as possible!
The cyan ugly thing is moderately wounded.
The cyan ugly thing trunk-slaps you. The cyan ugly thing shocks you!
You closely miss the cyan ugly thing.
The cyan ugly thing is moderately wounded.
The cyan ugly thing trunk-slaps you but does no damage.
You hit the cyan ugly thing but do no damage.
The cyan ugly thing looks as sick as possible!
The cyan ugly thing is heavily wounded.
The cyan ugly thing trunk-slaps you! The cyan ugly thing shocks you!
You slash the cyan ugly thing!
The cyan ugly thing looks as sick as possible!
The cyan ugly thing is severely wounded.
The cyan ugly thing trunk-slaps you. The cyan ugly thing shocks you!
You barely miss the cyan ugly thing.
The cyan ugly thing is severely wounded.
The cyan ugly thing trunk-slaps you but does no damage.
The cyan ugly thing trunk-slaps you.
* * * LOW HITPOINT WARNING * * *
The cyan ugly thing shocks you!
* * * LOW HITPOINT WARNING * * *
You feel better. The cyan ugly thing barely misses you.
You slash the cyan ugly thing!
The cyan ugly thing looks as sick as possible!
The cyan ugly thing is almost dead.
The cyan ugly thing trunk-slaps you!
* * * LOW HITPOINT WARNING * * *
The cyan ugly thing shocks you!
You die...

#.# ### #.### #.# ### #.# ##.###
#.# #.## #.## ##..... #.#
#####.## #..###..)#.. #.# #.#
##.###..##...###. #.#
#######.#####.##..#........ #.#
#......<...###.#..#..#.).).
##.####.#####.##.# ##...#.##.._..
##......# #.##@# ##..#..#.).).
######..# #)##u######.#........
######..#####................###.
..............................#..
######..########.####..#..##.....
..........................##.#.##
######..########.####.....##.#.#
#..######.#.# ##..#...#.#.#
#...........###...#.#.#.#.#


You could see a cyan ugly thing (extremely poisoned).

Vanquished Creatures
  An ugly thing (D:6)
  Sigmund (D:6)
  A wyvern (D:7)
  7 yaks
  A water moccasin (D:8)
  2 orc warriors
  A black bear (D:8)
  2 sky beasts (D:5)
  An ogre (D:6)
  A kobold brigand (D:7)
  A phantom (D:5)
  Blork the orc (D:6)
  2 scorpions
  10 killer bees
  An electric eel (D:7)
  5 wights (D:8)
  3 howler monkeys
  3 hounds
  A jelly (D:4)
  2 orc priests
  2 centaur skeletons
  2 iguanas
  2 orc wizards
  A killer bee zombie (D:6)
  2 hound skeletons
  A howler monkey zombie (D:5)
  9 adders
  A river rat (Sewer)
  2 shadow imps
  A white imp (D:7)
  An adder skeleton (D:4)
  An adder zombie (D:5)
  2 worms
  3 dart slugs (D:1)
  25 orcs
  5 endoplasms
  3 giant cockroaches
  5 goblins
  7 hobgoblins
  3 jackals (D:2)
  A quokka (D:2)
  10 ball pythons
  2 bats
  10 frilled lizards
  13 kobolds
  12 rats
173 creatures vanquished.

Vanquished Creatures (others)
  8 plants (D:8)
8 creatures vanquished.

Grand Total: 181 creatures vanquished

Notes
Turn   | Place    | Note
-------+----------+-------------------------------------------
     0 | D:1      | Caestello the Hill Orc Monk began the quest for the Orb.
     0 | D:1      | Reached XP level 1. HP: 19/19 MP: 1/1
   133 | D:1      | Reached XP level 2. HP: 21/27 MP: 2/2
   401 | D:1      | Found a faded altar of an unknown god.
  1016 | D:2      | Reached XP level 3. HP: 33/33 MP: 3/3
  1126 | D:2      | Reached skill level 5 in Axes
  1554 | D:2      | Reached XP level 4. HP: 37/40 MP: 4/4
  2240 | D:3      | Found a shimmering blue altar of Sif Muna.
  2507 | D:3      | Found a glowing drain.
  2528 | Sewer    | Entered a sewer
  2913 | Sewer    | Reached skill level 1 in Armour
  2997 | Sewer    | Reached XP level 5. HP: 23/46 MP: 5/5
  3955 | D:4      | Found Dietulo's Magic Scroll Shoppe.
  3975 | D:4      | Reached skill level 6 in Axes
  3977 | D:4      | Reached XP level 6. HP: 48/53 MP: 6/6
  4018 | D:4      | Found Qoadi's Antique Armour Boutique.
  4256 | D:4      | Found Mossorchu's Book Shoppe.
  4281 | D:4      | Found Elalodd's Armour Shop.
  4622 | D:5      | Entered Level 5 of the Dungeon
  4624 | D:5      | Noticed an orc warrior
  4711 | D:5      | Found a staircase to the Ecumenical Temple.
  4735 | Temple   | Entered the Ecumenical Temple
  4836 | D:5      | Reached skill level 7 in Axes
  4937 | D:4      | Reached XP level 7. HP: 28/60 MP: 7/7
  5223 | D:5      | Reached skill level 5 in Fighting
  5442 | D:5      | Found an ancient bone altar of Kikubaaqudgha.
  5698 | D:5      | Reached skill level 8 in Axes
  6265 | D:4      | Reached XP level 8. HP: 16/69 MP: 8/8
  6935 | D:5      | Found an iron altar of Okawaru.
  6984 | D:5      | Reached skill level 1 in Shields
  7102 | D:5      | Found a glowing golden altar of the Shining One.
  7334 | D:6      | Noticed a cyan ugly thing
  7466 | D:6      | Noticed Blork the orc
  7768 | D:6      | Killed Blork the orc
  7798 | D:6      | Reached skill level 9 in Axes
  7986 | D:6      | Noticed Sigmund
  7993 | D:6      | Killed Sigmund
  7994 | D:6      | Reached skill level 5 in Armour
  8849 | D:7      | Noticed a green ugly thing
  8935 | D:7      | Found Atre's Antique Weapon Shoppe.
  9108 | D:7      | Bought a glowing war axe for 149 gold pieces
  9309 | D:7      | Found a bloodstained altar of Trog.
  9311 | D:7      | Found a bloodstained altar of Trog.
  9311 | D:7      | Found a shimmering altar of Xom.
  9313 | D:7      | Found a burning altar of Makhleb.
  9313 | D:7      | Found a shimmering altar of Xom.
  9313 | D:7      | Found a glowing golden altar of the Shining One.
  9324 | D:7      | Reached XP level 9. HP: 71/78 MP: 9/9
  9385 | D:7      | Found Ebamal's Antique Armour Emporium.
  9557 | D:7      | Reached skill level 10 in Axes
  9762 | D:6      | Killed a green ugly thing
 10512 | D:8      | Reached skill level 11 in Axes
 11168 | D:8      | Reached XP level 10. HP: 26/85 MP: 10/10
 11183 | D:8      | Reached skill level 12 in Axes
 11588 | D:8      | Noticed a +0 spear
 11588 | D:8      | Noticed a +0 spear
 11588 | D:8      | Noticed a +0 short sword
 11588 | D:8      | Noticed a +0 short sword
 11589 | D:8      | Noticed a +0 dagger
 11589 | D:8      | Noticed a +0 dagger
 11589 | D:8      | Noticed a +0 falchion
 11589 | D:8      | Noticed a +0 falchion
 11901 | D:8      | Found a hide-covered altar of Uskayaw.
 12358 | D:4      | Bought a +0 pair of gloves for 54 gold pieces
 12358 | D:4      | Bought a +0 helmet for 54 gold pieces
 12415 | D:5      | Mangled by a cyan ugly thing

Illustrated notes

Levels and vault maps discovered:
D:1:      dpeg_arrival_three_same_balls, layout_rooms,
          dreamdust_ecumenical_altar_angels_and_demons
D:2:      minmay_wonky_spiral, layout_loops_ring, roderic_cross_of_infinity
D:3:      layout_loops_ring, nicolae_sif_muna_little_library,
          portal_sewer_entry_a, hangedman_abyss_or_decor_stabs,
          chequers_serial_rivers_room_b
D:4:      layout_basic, serial_shops, shop, shop_fountains,
          nicolae_shop_temple_entry_statues_fountains, nicolae_shop_crystal
D:5:      layout_basic, okawaru_ov_weapons_minmay,
          mainiacjoe_overflow_large_starburst, minmay_temple_entry_crystal_x,
          st_stairs_2
D:6:      layout_rooms, uniq_blork_the_orc, uniq_sigmund
D:7:      layout_loops_corners, doesnt_xom_only_xom, serial_shops,
          nicolae_stop_n_shop_1, nicolae_inconvenience_store, minmay_three_doors
D:8:      minmay_clustersquares, layout_loops_ring, trog_wizard,
          nicolae_uskayaw_en_pointe, nicolae_elyvilon_temple_path,
          amcnicky_mini_pool_small
D:9:      layout_roguey, nicolae_overflow_hidden_temple, david_lair_generic,
          orc_0_dummy, ebering_ghost_gozag, enter_bailey_7, grunt_ministairs_12,
          minivault_7
Temple:   eino_wide_crystal_templ

Skill      XL: |  1  2  3  4  5  6  7  8  9 10 |
---------------+-------------------------------+-----
Stealth        | 2 3 |  3.1
Axes           | 5 6 7 8 9 11 12 | 12.2
Fighting       | 4 5 6 7 8 |  8.2
Armour         | 1 2 4 5 6 7 |  7.3
Dodging        | 3 4 |  4.4
Shields        | 2 4 |  4.7

Action                   |  1- 3 |  4- 6 |  7- 9 | 10-12 || total
-------------------------+-------+-------+-------+-------++-------
Melee: Hand axe          |   109 |    25 |       |       ||   134
       War axe           |       |   189 |   291 |    55 ||   535
       Punch             |       |     1 |       |       ||     1
  Use: Scroll            |       |    11 |     3 |       ||    14
       Potion            |       |     5 |     4 |     2 ||    11
 Stab: Sleeping          |     4 |     3 |       |       ||     7
Armor: Ring mail         |    27 |    85 |    61 |       ||   173
       Robe              |     4 |       |       |       ||     4
       Chain mail        |       |       |    59 |    17 ||    76
Dodge: Dodged            |    72 |   172 |   107 |    10 ||   361
Block: Kite shield       |       |       |   101 |    13 ||   114
